 Dungeon Crawl Stone Soup version 0.30-a0-354-g6b83867211 (webtiles) character file.

Game seed: 8390324368490821817

117586 runemasterragnar the Thaumaturge (level 16, -13/139 HPs)
             Began as a Purple Draconian Transmuter on Nov 8, 2022.
             Was a High Priest of Cheibriados.
             Killed from afar by a deep elf knight (40 damage)
             ... with a shard of ice
             ... on level 2 of the Elven Halls.
             The game lasted 00:57:46 (30195 turns).

runemasterragnar the Thaumaturge (DrTm)            Turns: 30195, Time: 00:57:46

Health: -13/139    AC: 19    Str: 33    XL:     16   Next: 23%
Magic:  32/32      EV: 21    Int: 25    God:    Cheibriados [*****.]
Gold:   1771       SH:  0    Dex: 24    Spells: 9/39 levels left

rFire   . . .      SeeInvis .      - Unarmed
rCold   . . .      Faith    .    (no shield)
rNeg    + . .      Spirit   .    (body armour unavailable)
rPois   .          Reflect  .    G - +0 hat
rElec   .          Harm     .    n - +1 cloak
rCorr   .          Rampage  .    (no gloves)
Will    ++...                    (no boots)
Stlth   ++........               q - amulet of magic regeneration
HPRegen 0.43/turn                M - ring of the Tortoise {AC+8}
MPRegen 0.63/turn                i - ring of positive energy

@: liquefying, slowed movement, very slow
A: breathe power, AC +9, unfitting armour, cold-blooded, stinger 1, sense
surroundings 1
a: Breathe Dispelling Energy, Renounce Religion, Bend Time, Temporal Distortion,
Slouch, Step From Time


You were on level 2 of the Elven Halls.
You worshipped Cheibriados.
Cheibriados was extremely pleased with you.
You visited 7 branches of the dungeon, and saw 27 of its levels.
You also visited: Sewer and Bailey.

You collected 3843 gold pieces.
You spent 2072 gold pieces at shops.

Inventory:

Hand Weapons
 J - the +5 lajatang of Propriety {spect, rPois}
   (You found it on level 15 of the Dungeon)

   When its wielder attacks, the weapon's spirit leaps out and strikes again.
   The spirit shares a part of any damage it takes with its wielder.
   rPois:     It protects you from poison.
Missiles
 K - 2 throwing nets
Armour
 n - a +1 cloak (worn)
 G - a +0 hat (worn)
Magical Staves
 N - a staff of conjuration
Jewellery
 a - an amulet of guardian spirit
 f - a +6 ring of dexterity
 i - a ring of positive energy (right hand)
 q - an amulet of magic regeneration (around neck)
 s - a +6 ring of intelligence
 D - an amulet of the acrobat
 M - the ring of the Tortoise (left hand) {AC+8}
   (You found it on level 1 of the Lair of Beasts)

   [ring of protection]

   AC:        It affects your AC (+8).
 R - a ring of positive energy
Wands
 v - a wand of flame (13)
 A - a wand of digging (10)
 C - a wand of charming (14)
 O - a wand of quicksilver (3)
 Q - a wand of iceblast (3)
 V - a wand of mindburst (10)
 X - a wand of polymorph (7)
Scrolls
 c - a scroll of blinking
 e - 3 scrolls of immolation
 g - 5 scrolls of butterflies
 k - 6 scrolls of magic mapping
 o - 6 scrolls of teleportation
 t - 3 scrolls of fear
 w - a scroll of torment
 x - 4 scrolls of identify
 y - 2 scrolls of silence
 z - 3 scrolls of enchant armour
 E - 6 scrolls of enchant weapon
 F - a scroll of brand weapon
 L - 2 scrolls of amnesia
 W - a scroll of summoning
Potions
 b - 3 potions of degeneration
 d - 12 potions of heal wounds
 h - 2 potions of resistance
 j - 8 potions of curing
 l - 6 potions of haste
 m - a potion of mutation
 p - 5 potions of lignification
 r - 4 potions of magic
 u - 7 potions of flight
 B - 3 potions of might
 H - 3 potions of brilliance
 I - 4 potions of attraction
 P - a potion of invisibility
 U - 14 potions of ambrosia
Miscellaneous
 S - a phantom mirror
 T - a lightning rod (4/4)


   Skills:
 + Level 12.2 Fighting
 + Level 10.5 Dodging
 + Level 11.5 Unarmed Combat
 + Level 12.4 Spellcasting
 - Level 8.7 Hexes
 + Level 5.3 Necromancy
 + Level 11.2 Transmutations
 * Level 7.9 Earth Magic
 - Level 9.3 Invocations
 - Level 9.8 Evocations


You had 9 spell levels left.
You knew the following spells:

 Your Spells              Type           Power      Damage    Failure   Level
a - Beastly Appendage     Tmut           100%       N/A       1%          1
b - Wereblood             Tmut           64%        N/A       1%          2
c - Spider Form           Tmut/Pois      43%        N/A       1%          3
d - Ice Form              Ice/Tmut       43%        N/A       3%          4
e - Yara's Violent Unrav  Hex/Tmut       30%        3d13      1%          5
f - Statue Form           Tmut/Erth      39%        N/A       12%         6
g - Borgnjor's Vile Clut  Necr/Erth      24%        N/A       7%          5
h - Leda's Liquefaction   Hex/Erth       27%        N/A       1%          4

Your spell library contained the following spells:

 Spells                   Type           Power      Damage    Failure   Level
 Dazzling Flash           Conj/Hex       74%        N/A       1%          3
 Portal Projectile        Hex/Tloc       74%        N/A       1%          3
 Petrify                  Tmut/Erth      59%        N/A       1%          4
 Cigotuvi's Dreadful Rot  Necr/Pois/Air  48%        N/A       2%          2
 Animate Dead             Necr           42%        N/A       4%          4
 Poisonous Vapours        Pois/Air       30%        N/A       6%          2
 Call Canine Familiar     Summ           15%        N/A       12%         3
 Mephitic Cloud           Conj/Pois/Air  15%        N/A       12%         3
 Vhi's Electric Charge    Tloc/Air       30%        N/A       12%         3
 Metabolic Englaciation   Hex/Ice        18%        N/A       19%         5
 Iskenderun's Mystic Bla  Conj/Tloc      15%        2d5       36%         4
 Summon Lightning Spire   Summ/Air       15%        N/A       36%         4
 Death Channel            Necr           21%        N/A       54%         6
 Enfeeble                 Hex            28%        N/A       65%         7
 Arcjolt                  Conj/Air       7%         1d17      71%         5
 Storm Form               Tmut/Air       21%        N/A       97%         7
 Starburst                Conj/Fire      7%         6d4       99%         6
 Maxwell's Capacitive Co  Air            7%         ∞         100%        8


Dungeon Overview and Level Annotations

Branches:
Dungeon (15/15)            Temple (1/1) D:6            Lair (5/5) D:10
 Shoals (1/4) Lair:2       Spider (1/4) Lair:2        Slime (0/5) Lair:4
    Orc (2/2) D:10            Elf (2/3) Orc:2        Vaults (0/5) D:14
  Sewer (visited)          Bailey (visited)
 Depths: D:15

Altars:
Ashenzari
Cheibriados
Dithmenos
Elyvilon
Fedhas
Gozag
Hepliaklqana
Kikubaaqudgha
Makhleb
Nemelex Xobeh
Okawaru
Qazlal
Ru
Sif Muna
Trog
Uskayaw
Vehumet
Wu Jian
Xom
Yredelemnul
Zin
The Shining One

Shops:
D:8 [   Orc:1 *   Orc:2 ?(!:[

Annotations:
D:6 1 runed translucent door, Maxmaps's ghost, novice DsGl
D:15 Azrael


Innate Abilities, Weirdness & Mutations

You can breathe bolts of dispelling energy.
Your rich purple scales are hard. (AC +9)
You cannot fit into any form of body armour.
You are cold-blooded and may be slowed by cold attacks.
Your tail ends in a venomous barb.
You passively map a small area around you.


Message History

Your butterfly disappears in a burst of colours!
The deep elf archer unwields a +0 shortbow.
The deep elf archer wields a +0 short sword.
The deep elf archer misses your butterfly.
You swap places.
Your transformation is almost over.
The deep elf zephyrmancer misses your butterfly.
The deep elf zephyrmancer casts a spell.
The deep elf zephyrmancer blinks!
Something barely misses your butterfly. Something hits your butterfly.
Your butterfly dies!
Your butterfly disappears in a burst of colours!
Something hits your butterfly!
Your butterfly dies!
Your butterfly disappears in a burst of colours!
Something hits your butterfly!
Your butterfly dies!
Your butterfly disappears in a burst of colours!
Something hits you but does no damage.
The deep elf archer unwields a +0 short sword.
The deep elf archer wields a +0 shortbow.
The deep elf archer shoots an arrow.
The arrow hits you but does no damage. Something hits you.
* * * LOW HITPOINT WARNING * * *
You revert to your normal fleshy form.
Something hits your butterfly!!
Your butterfly dies!
Your butterfly disappears in a burst of colours!
You hear a twanging sound.
An arrow appears from out of thin air!
The arrow hits you!
* * * LOW HITPOINT WARNING * * *
The deep elf archer unwields a +0 shortbow.
The deep elf archer wields a +0 short sword.
The deep elf archer hits your butterfly with a +0 short sword!!
Your butterfly dies!
Your butterfly disappears in a burst of colours!
You hear some strange, mumbled words.
A shard of ice appears from out of thin air!
The shard of ice hits you!!!
You die...

##### #.>.# ######
#.#.# #....#
####.#.#### #.##.#
#....#....###.##.#
#.#######.....##.#
#<@..#....###.##.#
##...#.####
#.##.#* #.#{#.#
#....#
#.#.be###########*
#.####e........#
#b# #.........##
#.# #b^e).....##
..# #..e).b...##
*.# #e........##


You could see 2 deep elf archers and a deep elf zephyrmancer.

Vanquished Creatures
  Frances (D:14)
  A deep elf sorcerer (Elf:1)
  A jorogumo (Spider:1)
  A merfolk avatar (Lair:5)
  6 hydras
  5 centaur warriors
  6 boulder beetles
  6 death yaks
  A catoblepas (Lair:4)
  A tengu warrior (D:14)
  4 two-headed ogres
  6 dancing weapons
  An orc high priest (Orc:2)
  Nergalle (D:10)
  9 deep elf knights
  5 skeletal warriors (D:14)
  2 sea snakes (Lair:5)
  4 deep elf archers (Elf:1)
  A steelbarb worm (Spider:1)
  Lodul (D:10)
  A wizard (D:14)
  2 lindwurms (Lair:5)
  A necromancer (D:14)
  3 orc knights
  11 deep elf zephyrmancers (Elf:1)
  11 deep elf pyromancers
  2 harpies (Lair:5)
  2 manticores
  16 ugly things (D:14)
  2 orc sorcerers
  2 slime creatures (D:12)
  3 cyclopes
  3 fauns (Shoals:1)
  An elephant (Lair:5)
  Joseph (D:7)
  8 black mambas
  11 cane toads
  3 water nymphs (Shoals:1)
  2 gargoyles
  2 demonic crawlers (Spider:1)
  2 kobold demonologists (D:11)
  7 komodo dragons
  Psyche (D:10)
  3 tengu conjurers
  8 rime drakes
  A freezing wraith (D:14)
  14 trolls
  4 polar bears
  A wind drake (Lair:5)
  2 merfolk (Shoals:1)
  7 meliai
  24 blink frogs
  A queen bee (D:14)
  A tarantella (shapeshifter) (Spider:1)
  7 dream sheep (Lair:4)
  2 snapping turtles
  4 hornets
  2 jumping spiders (Spider:1)
  5 air elementals
  10 wyverns
  43 yaks
  3 water elementals
  2 shadows (D:11)
  A culicivora (Spider:1)
  9 basilisks
  2 fire elementals (Elf:1)
  4 wraiths
  A golden eye (shapeshifter) (Elf:2)
  4 redbacks (Spider:1)
  8 vampire mosquitoes
  A warg (Orc:2)
  2 acid dragons
  11 water moccasins
  A hell hound (D:15)
  3 black bears
  A black bear (shapeshifter) (Elf:1)
  Pargi (Sewer)
  4 sky beasts
  33 orc warriors
  2 ice beasts
  22 wolves
  11 centaurs
  15 ogres
  A phantom (D:6)
  2 kobold brigands
  Blork the orc (D:4)
  13 bullfrogs
  2 earth elementals
  2 scorpions
  4 necrophages
  26 killer bees
  6 howler monkeys
  5 hounds
  Crazy Yiuf (D:2)
  5 orc priests
  5 hell rats (Lair:5)
  Natasha (thrice) (D:4)
  3 iguanas
  17 orc wizards
  4 gnolls
  7 adders
  A shadow imp (D:6)
  3 white imps
  2 ufetubi
  2 worms (D:2)
  A dart slug (D:1)
  73 orcs
  6 endoplasms
  4 giant cockroaches
  7 goblins
  7 hobgoblins
  11 jackals
  6 quokkas
  7 ball pythons
  7 bats
  11 frilled lizards
  20 kobolds
  3 rats
718 creatures vanquished.

Vanquished Creatures (collateral kills)
  Jorgrun (D:15)
  A deep elf annihilator (Elf:2)
  A centaur warrior (D:11)
  An orc sorcerer (D:15)
  A tengu conjurer (D:15)
  A warg (Orc:2)
  An orc warrior (Orc:2)
  An orc (Orc:2)
8 creatures vanquished.

Vanquished Creatures (others)
  An orc knight (Orc:2)
  A slime creature (D:14)
  A yak (Lair:4)
  An orc warrior (Bailey)
  3 ogres (D:10)
  An orc wizard (D:7)
  67 fungi
  94 plants
169 creatures vanquished.

Grand Total: 895 creatures vanquished

Notes
Turn   | Place    | Note
-------+----------+-------------------------------------------
     0 | D:1      | runemasterragnar the Draconian Transmuter began the quest
                  | for the Orb.
     0 | D:1      | Reached XP level 1. HP: 16/16 MP: 3/3
   114 | D:1      | Reached XP level 2. HP: 23/23 MP: 3/5
   117 | D:1      | Learned a level 2 spell: Wereblood
  1115 | D:2      | Reached XP level 3. HP: 29/29 MP: 4/6
  1777 | D:2      | Found a runed translucent door.
  1778 | D:2      | Noticed Crazy Yiuf
  1785 | D:2      | Learned a level 3 spell: Spider Form
  1854 | D:2      | Killed Crazy Yiuf
  1855 | D:2      | Reached XP level 4. HP: 10/36 MP: 3/7
  2115 | D:3      | Found a glowing drain.
  2131 | Sewer    | Entered a sewer
  2167 | Sewer    | Noticed Pargi
  2181 | Sewer    | Killed Pargi
  2182 | Sewer    | Reached XP level 5. HP: 27/42 MP: 2/9
  3077 | D:3      | Identified the +11 short sword "Kommiof" {vorpal, *Rage
                  | Will+ Str+3}
  3619 | D:4      | Noticed Blork the orc
  3648 | D:4      | Killed Blork the orc
  3649 | D:4      | Reached XP level 6. HP: 31/51 MP: 10/10
  4085 | D:4      | Found a glowing silver altar of Zin.
  4085 | D:4      | Found a sparkling altar of Nemelex Xobeh.
  4147 | D:4      | Your scales start taking on a rich purple colour.
  4147 | D:4      | Reached XP level 7. HP: 18/58 MP: 13/13
  4362 | D:4      | Learned a level 4 spell: Ice Form
  4371 | D:4      | Noticed Natasha
  4377 | D:4      | Killed Natasha
  4384 | D:4      | Noticed Natasha
  4392 | D:4      | Killed Natasha
  4761 | D:4      | Noticed Natasha
  4771 | D:4      | Killed Natasha
  4820 | D:5      | Entered Level 5 of the Dungeon
  4919 | D:5      | Reached skill level 1 in Evocations
  5378 | D:5      | Reached skill level 5 in Unarmed Combat
  5441 | D:5      | Reached skill level 5 in Spellcasting
  5441 | D:5      | Reached XP level 8. HP: 67/67 MP: 15/15
  5687 | D:6      | Found a staircase to the Ecumenical Temple.
  5696 | Temple   | Entered the Ecumenical Temple
  5733 | Temple   | Became a worshipper of Cheibriados the Contemplative
  6047 | D:6      | Found a runed translucent door.
  6047 | D:6      | Noticed Maxmaps's ghost (novice DsGl)
  6287 | D:6      | Reached skill level 5 in Fighting
  6411 | D:7      | Reached skill level 1 in Invocations
  6515 | D:7      | Noticed a hornet
  6523 | D:7      | Killed a hornet
  6524 | D:7      | Reached skill level 5 in Transmutations
  6696 | D:7      | Reached * piety under Cheibriados
  6962 | D:7      | Noticed Joseph
  6972 | D:7      | Killed Joseph
  6973 | D:7      | Reached skill level 5 in Dodging
  6973 | D:7      | Reached XP level 9. HP: 23/74 MP: 16/18
  7688 | D:7      | Reached ** piety under Cheibriados
  7903 | D:7      | Found a hide-covered altar of Uskayaw.
  8225 | D:8      | Learned a level 5 spell: Yara's Violent Unravelling
  8338 | D:8      | Identified the +7 quarterstaff "Tolesy" {freeze, rN+ Str+2
                  | Dex+4}
  8488 | D:8      | Found Iduam's Armour Shoppe.
  8604 | D:8      | Reached skill level 1 in Hexes
  8858 | D:8      | Reached *** piety under Cheibriados
  9147 | D:9      | Noticed a two-headed ogre
  9181 | D:9      | Found a flagged portal.
  9190 | Bailey   | Entered a bailey
  9209 | Bailey   | Reached XP level 10. HP: 84/84 MP: 20/20
  9405 | Bailey   | Reached skill level 5 in Evocations
  9727 | Bailey   | Noticed an orc knight
  9741 | Bailey   | Killed an orc knight
  9759 | Bailey   | Acquired 493 gold pieces
  9867 | D:9      | Killed a two-headed ogre
 10350 | D:9      | Found an ancient bone altar of Kikubaaqudgha.
 10416 | D:9      | Found a radiant altar of Vehumet.
 10600 | D:10     | Entered Level 10 of the Dungeon
 10601 | D:10     | Found a glowing golden altar of the Shining One.
 10617 | D:10     | Reached skill level 5 in Invocations
 10629 | D:10     | Noticed Nergalle
 10636 | D:10     | Reached **** piety under Cheibriados
 10931 | D:10     | Reached XP level 11. HP: 92/92 MP: 22/22
 11322 | D:10     | Found a staircase to the Lair.
 11376 | D:10     | Noticed Psyche
 11383 | D:10     | Killed Psyche
 11547 | D:10     | Noticed Lodul
 11560 | D:10     | Killed Lodul
 11964 | D:10     | Found a staircase to the Orcish Mines.
 12159 | D:10     | Killed Nergalle
 12620 | D:10     | Found an ornate altar of the Wu Jian Council.
 12877 | D:11     | Noticed a boulder beetle
 12882 | D:11     | Noticed a centaur warrior
 12891 | D:11     | Killed a centaur warrior
 12892 | D:11     | Reached skill level 5 in Hexes
 12898 | D:11     | Killed a boulder beetle
 13744 | D:12     | Noticed a deep elf pyromancer
 13748 | D:12     | Reached XP level 12. HP: 103/103 MP: 24/24
 15261 | D:13     | Noticed a boulder beetle
 15286 | D:13     | Killed a boulder beetle
 15790 | Lair:1   | Entered Level 1 of the Lair of Beasts
 16117 | Lair:1   | Found the ring of the Tortoise {AC+8}
 16126 | Lair:1   | Reached ***** piety under Cheibriados
 17247 | Lair:2   | Found a staircase to the Shoals.
 17691 | Lair:2   | Found a hole to the Spider Nest.
 17694 | Lair:2   | Reached XP level 13. HP: 111/111 MP: 26/26
 18352 | Lair:3   | Reached ****** piety under Cheibriados
 18389 | Lair:3   | Reached skill level 10 in Spellcasting
 19088 | Lair:4   | Reached skill level 10 in Fighting
 19176 | Lair:4   | Found a staircase to the Slime Pits.
 20044 | Lair:5   | Entered Level 5 of the Lair of Beasts
 20067 | Lair:5   | Reached XP level 14. HP: 121/121 MP: 18/28
 20289 | Orc:1    | Entered Level 1 of the Orcish Mines
 20560 | Orc:1    | Found Pizan's Overcharged Wands.
 20809 | Orc:2    | Entered Level 2 of the Orcish Mines
 20809 | Orc:2    | Found a staircase to the Elven Halls.
 21006 | Orc:2    | Found a burning altar of Makhleb.
 21155 | Orc:2    | Reached skill level 10 in Unarmed Combat
 22204 | Orc:2    | Found Ureqi's Armour Emporium.
 22464 | Orc:2    | Found Weny's Weapon Emporium.
 22464 | Orc:2    | Found Puediapul's Distillery.
 22466 | Orc:2    | Found Magub's Book Boutique.
 22468 | Orc:2    | Found Pagetominn's Magic Scroll Shoppe.
 22474 | Orc:2    | Bought a potion of curing for 42 gold pieces
 22474 | Orc:2    | Bought a potion of heal wounds for 70 gold pieces
 22476 | Orc:2    | Bought a book of Sloth for 504 gold pieces
 22476 | Orc:2    | Bought a book of Unlife for 504 gold pieces
 22483 | Orc:2    | Learned a level 6 spell: Statue Form
 22489 | Orc:2    | Learned a level 5 spell: Borgnjor's Vile Clutch
 22494 | Orc:2    | Bought a scroll of identify for 34 gold pieces
 22494 | Orc:2    | Bought a scroll of identify for 34 gold pieces
 22496 | Orc:2    | Bought a scroll of acquirement for 884 gold pieces
 22496 | Orc:2    | Acquired 674 gold pieces
 23031 | D:14     | Reached skill level 1 in Earth Magic
 23104 | D:14     | Reached skill level 1 in Necromancy
 23180 | D:14     | Reached skill level 10 in Transmutations
 23906 | D:14     | Found a gate to the Vaults.
 24773 | D:14     | Noticed Frances
 24783 | D:14     | Killed Frances
 24983 | D:14     | Reached XP level 15. HP: 130/130 MP: 25/30
 25312 | D:15     | Entered Level 15 of the Dungeon
 25314 | D:15     | Noticed Jorgrun
 25320 | D:15     | HP: 6/169 [constriction (10)]
 25330 | D:15     | Identified the +5 lajatang of Propriety {spect, rPois}
 25339 | D:15     | Killed Jorgrun
 25662 | D:15     | Noticed Azrael
 25959 | Lair:5   | Reached skill level 5 in Earth Magic
 26058 | Lair:5   | Reached skill level 10 in Dodging
 27137 | Spider:1 | Entered Level 1 of the Spider Nest
 27678 | Shoals:1 | Entered Level 1 of the Shoals
 27925 | Shoals:1 | Learned a level 4 spell: Leda's Liquefaction
 28301 | Elf:1    | Entered Level 1 of the Elven Halls
 28302 | Elf:1    | Paralysed by an air elemental for 1 turns
 28328 | Elf:1    | Noticed a deep elf sorcerer
 28334 | Elf:1    | Killed a deep elf sorcerer
 28363 | Elf:1    | Paralysed by an air elemental for 1 turns
 29807 | Elf:1    | Paralysed by an air elemental for 1 turns
 29814 | Elf:1    | Reached XP level 16. HP: 131/139 MP: 6/32
 29825 | Elf:1    | Reached skill level 5 in Necromancy
 30125 | Elf:2    | Gained mutation: You have a beak for a mouth. [potion of
                  | mutation]
 30125 | Elf:2    | Gained mutation: Your flesh is heat resistant. (rF+)
                  | [potion of mutation]
 30126 | Elf:2    | Lost mutation: You have a beak for a mouth. [potion of
                  | mutation]
 30126 | Elf:2    | Lost mutation: Your flesh is heat resistant. (rF+) [potion
                  | of mutation]
 30126 | Elf:2    | Gained mutation: You have hidden genetic potential. [potion
                  | of mutation]
 30126 | Elf:2    | Gained mutation: Your mind is acute. (Int +4, Str/Dex -1)
                  | [potion of mutation]
 30126 | Elf:2    | Gained mutation: You occasionally lose the ability to drink
                  | potions when taking damage. [potion of mutation]
 30127 | Elf:2    | Lost mutation: You have hidden genetic potential. [potion
                  | of mutation]
 30127 | Elf:2    | Lost mutation: Your mind is acute. (Int +4, Str/Dex -1)
                  | [potion of mutation]
 30127 | Elf:2    | Lost mutation: You occasionally lose the ability to drink
                  | potions when taking damage. [potion of mutation]
 30127 | Elf:2    | Gained mutation: You passively map a small area around you.
                  | [potion of mutation]
 30127 | Elf:2    | Gained mutation: Your tail ends in a venomous barb. [potion
                  | of mutation]
 30143 | Elf:2    | Paralysed by an air elemental for 1 turns
 30174 | Elf:2    | Paralysed by an air elemental for 1 turns
 30195 | Elf:2    | Killed from afar by a deep elf knight

Illustrated notes

Levels and vault maps discovered:
D:1:      scummos_arrival_checkerplants, layout_basic, serial_forest,
          infiniplex_forest_lined_3, infiniplex_forest_end_double,
          infiniplex_forest_pool, infiniplex_forest_clump_tiny,
          infiniplex_forest_clump_medium, infiniplex_forest_clump_tiny,
          infiniplex_forest_fountain, infiniplex_forest_lined_corner,
          infiniplex_forest_clump_small, infiniplex_forest_lined_3,
          roderic_lattice_a
D:2:      layout_loops_ring, uniq_crazy_yiuf_cottage
D:3:      layout_basic, portal_sewer_entry_d, kennysheep_generic_room_8
D:4:      layout_rooms, amethyst_overflow_temple_binary,
          minmay_misc_feat_pillars, uniq_natasha, uniq_blork_the_orc
D:5:      layout_basic
D:6:      layout_layer_cave, minmay_temple_entry_gardened_gates,
          gammafunk_ghost_grave
D:7:      cheibrodos_barr_body, layout_loops_corners,
          nicolae_uskayaw_dance_studio, uniq_joseph
D:8:      layout_gridville, serial_shops, shop_coins
D:9:      layout_basic, mainiacjoe_overflow_brackets,
          mainiacjoe_overflow_chevrons, enter_bailey_3, minmay_misc_feat_room,
          kennysheep_dice
D:10:     layout_irregular_city, tso_metal_star, kennysheep_little_box,
          due_lair_maze_entry_diamond, uniq_nergalle, uniq_lodul, uniq_psyche
D:11:     layout_stronghold, minivault_20
D:12:     layout_loops_ring
D:13:     layout_basic
D:14:     layout_roguey [special_room_bee], david_vaults_1, minivault_27,
          kennysheep_nub, hangedman_abyss_or_decor_passed, uniq_frances
D:15:     hangedman_depths_entry_civil_slaughter, layout_cave_pools,
          cheibrodos_ashenzari_chains, bloody_makhleb, uniq_azrael, uniq_jorgrun
Temple:   hellmonk_temple_of_storms
Lair:1:   layout_misc_corridors
Lair:2:   layout_chaotic_city, elwin_shoals_entry_rocks,
          hellmonk_spider_entry_not_the_bees, grunt_megastairs_4,
          lemuel_fruit_tree
Lair:3:   layout_chaotic_city, grunt_megastairs_1
Lair:4:   layout_roguey, slime_entry_1, chequers_serial_rivers_small_a,
          nicolae_lair_yak_garden, grunt_megastairs_2
Lair:5:   gammafunk_lair_ancient_temple, layout_hall_layers, special_room
          [special_room_mythical_zoo]
Shoals:1: layout_shoals
Spider:1: layout_spider_delve, hellmonk_deceptive_appearances, uniq_mlioglotl,
          uniq_rupert
Orc:1:    layout_diamond_mine, nicolae_shop_overcharged_wands
Orc:2:    st_orc_rangers, layout_diamond_mine, basic_altar, serial_shops,
          nicolae_shop_crystal
Elf:1:    layout_loops_cross, minivault_28
Elf:2:    nicolae_elf_blades_splatter_lattice
          [nicolae_blade_entry_floor_patterns], layout_loops_cross,
          nicolae_take_the_stairs

Skill      XL: |  1  2  3  4  5  6  7  8  9 10 11 12 13 14 15 16 |
---------------+-------------------------------------------------+-----
Dodging        | 2 3 4 5 6 7 8 9 10 | 10.5
Fighting       | 2 3 4 5 6 7 8 9 10 11 12 | 12.2
Transmutations | 3 4 5 6 7 8 9 10 11 | 11.2
Spellcasting   | 3 4 5 6 7 8 9 10 11 12 | 12.4
Unarmed Combat | 4 5 6 7 8 9 10 11 | 11.5
Evocations     | 1 3 4 5 7 8 9 |  9.8
Invocations    | 2 3 5 6 7 8 9 |  9.3
Hexes          | 1 3 5 6 8 |  8.7
Earth Magic    | 4 7 |  7.9
Necromancy     | 2 4 5 |  5.3

Action                   |  1- 3 |  4- 6 |  7- 9 | 10-12 | 13-15 | 16-18 || total
-------------------------+-------+-------+-------+-------+-------+-------++-------
Melee: Unarmed           |   100 |   121 |   301 |   397 |   760 |    36 ||  1715
       Kick              |    22 |    19 |    43 |     4 |       |       ||    88
       Headbutt          |    16 |    12 |    15 |     1 |     1 |       ||    45
       Tailslap          |    12 |    11 |     7 |     1 |    49 |     2 ||    82
       Punch             |       |     3 |     3 |       |    25 |       ||    31
 Cast: Beastly Appendage |    20 |    32 |    19 |     2 |     3 |       ||    76
       Spider Form       |     1 |     1 |    16 |       |       |       ||    18
       Wereblood         |       |     1 |     8 |    12 |    24 |       ||    45
       Ice Form          |       |       |     9 |    48 |    61 |       ||   118
       Yara's Violent Un |       |       |       |     4 |    10 |     4 ||    18
       Statue Form       |       |       |       |       |    24 |     2 ||    26
       Leda's Liquefacti |       |       |       |       |     1 |     1 ||     2
Invok: Slouch            |       |       |       |     3 |    21 |     1 ||    25
 Abil: Breathe Dispellin |       |       |     1 |     1 |     1 |       ||     3
       End Transformatio |       |       |       |       |     1 |       ||     1
Evoke: Wand              |       |       |       |    24 |    24 |       ||    48
       Lightning rod     |       |       |       |       |     5 |       ||     5
  Use: Scroll            |       |     9 |     6 |     8 |    19 |     4 ||    46
       Potion            |       |     1 |     2 |       |     8 |     3 ||    14
 Stab: Sleeping          |       |       |     2 |     7 |       |       ||     9
       Distracted        |       |       |       |     1 |       |       ||     1
       Petrified         |       |       |       |       |     6 |       ||     6
       Invisible         |       |       |       |       |     1 |       ||     1
Armor: Skin              |    29 |    63 |    59 |   111 |   440 |    63 ||   765
Dodge: Dodged            |    61 |    91 |   261 |   324 |   911 |    87 ||  1735

Table legend: (Time is in decaauts)
 A = Elapsed time spent in this place.
 B = Non-inter-level travel time spent in this place.
 C = Inter-level travel time spent in this place.
 D = Time resting spent in this place.
 E = Time spent auto-exploring this place.
 F = Levels seen in this place.
 G = Mean time per level.
                   A        B        C        D        E       F      G
               +--------+--------+--------+--------+--------+-----+--------+
         Total |  39481 |  37199 |   2282 |   7355 |  23411 |  29 | 1361.4 |
       Dungeon |  22008 |  20780 |   1228 |   3564 |  14032 |  15 | 1467.2 |
        Temple |     46 |     46 |      0 |      0 |     22 |   1 |   46.0 |
          Lair |   9125 |   8479 |    646 |   1540 |   5444 |   5 | 1825.0 |
        Shoals |    670 |    634 |     36 |    399 |     61 |   1 |  670.0 |
   Spider Nest |    195 |    195 |      0 |      0 |     62 |   1 |  195.0 |
  Orcish Mines |   3577 |   3277 |    300 |    733 |   2032 |   2 | 1788.5 |
   Elven Halls |   2695 |   2627 |     68 |    642 |   1496 |   2 | 1347.5 |
         Sewer |    466 |    466 |      0 |    190 |    160 |   1 |  466.0 |
        Bailey |    696 |    696 |      0 |    286 |     99 |   1 |  696.0 |
               +--------+--------+--------+--------+--------+-----+--------+

Top non-repeatable levels by time:
    D:14: 3372 daAuts
   Elf:1: 2564 daAuts
    D:10: 2518 daAuts
   Orc:2: 2451 daAuts
  Lair:2: 2433 daAuts
     D:7: 2088 daAuts
  Lair:4: 2057 daAuts
  Lair:5: 1847 daAuts
    D:12: 1811 daAuts
    D:11: 1781 daAuts
     D:9: 1622 daAuts
  Lair:3: 1512 daAuts
    D:13: 1390 daAuts
     D:3: 1377 daAuts
  Lair:1: 1273 daAuts
